 Dungeon Crawl Stone Soup version 0.29.1-13-g9f3cf754e1 (webtiles) character file.

Game seed: 16113073282173337123

203 sanboga the Ruffian (level 5, 42/42 HPs)
             Began as a Demonspawn Berserker on Jan 23, 2023.
             Was a Believer of Trog.
             Quit the game on level 3 of the Dungeon.
             The game lasted 00:03:14 (3261 turns).

sanboga the Ruffian (Demonspawn Berserker)          Turns: 3261, Time: 00:03:14

Health: 42/42      AC:  3    Str: 19    XL:     5   Next: 51%
Magic:  5/5        EV: 13    Int:  8    God:    Trog [**....]
Gold:   142        SH:  4    Dex: 19    Spells: 4/4 levels left

rFire   . . .      SeeInvis .     - Unarmed
rCold   . . .      Faith    .   (no shield)
rNeg    . . .      Spirit   .   a - +0 animal skin
rPois   .          Reflect  .   (no helmet)
rElec   .          Harm     .   e - scarf {+Inv}
rCorr   .          Rampage  .   (no gloves)
Will    .....                   m - +0 pair of boots
Stlth   ++........              (no amulet)
HPRegen 0.14/turn               b - +6 ring of dexterity
MPRegen 0.09/turn               (no ring)

@: no status effects
A: hooves 1, large bone plates 1, demonic magic 2
a: Renounce Religion, Evoke Invisibility, Berserk, Trog's Hand


You were on level 3 of the Dungeon.
You worshipped Trog.
Trog was pleased with you.
You visited 1 branch of the dungeon, and saw 3 of its levels.

You collected 142 gold pieces.

Inventory:

Armour
 a - a +0 animal skin (worn)
 e - a scarf of invisibility (worn)
 m - a +0 pair of boots (worn)
Jewellery
 b - a +6 ring of dexterity (left hand)
Scrolls
 d - a scroll of blinking {unknown}
 f - a scroll of immolation {unknown}
 g - a scroll of enchant weapon {unknown}
 l - 2 scrolls of teleportation {unknown}
 n - a scroll of enchant armour {unknown}
Potions
 c - 2 potions of heal wounds {unknown}
 h - a potion of mutation {unknown}
 i - a potion of resistance {unknown}
 j - 2 potions of berserk rage {unknown}
 k - a potion of curing {unknown}


   Skills:
 + Level 4.0 Fighting
 - Level 1.7 Armour
 + Level 3.0 Dodging
 * Level 4.5 Unarmed Combat


You had 4 spell levels left.
You didn't know any spells.
Your spell library was empty.

Dungeon Overview and Level Annotations

Branches:
Dungeon (3/15)

Altars:


Innate Abilities, Weirdness & Mutations

You have large cloven feet.
You are partially covered in large bone plates. (SH +4)
Spells you cast may paralyse nearby enemies.


Message History

You see here a book of Dreams.
Key pressed, stopping explore.
HP restored.
A frilled lizard comes into view.
A frilled lizard is nearby!
A frilled lizard is nearby!
The frilled lizard hisses angrily.
You hit the frilled lizard.
You kill the frilled lizard!
Trog accepts your kill.
You see here a frilled lizard corpse.
You now have 122 gold pieces (gained 5).
Found an escape hatch in the floor.
No target in view!
You now have 133 gold pieces (gained 11).
Key pressed, stopping explore.
No target in view!
n - a scroll labelled RITIUQ ZOXTOL No target in view!
No target in view!
Found a stone staircase leading down.
No target in view!
Found a stone staircase leading down.
Found an escape hatch in the ceiling.
No target in view!
You now have 142 gold pieces (gained 9).
A rat comes into view.
A rat is nearby!
A rat is nearby!
The rat closely misses you.
A rat is nearby!
You closely miss the rat. The rat closely misses you.
You closely miss the rat. The rat closely misses you.
A rat is nearby!
You hit the rat.
You kill the rat!
Trog accepts your kill.
A bat comes into view.
Found a stone staircase leading down.
Are you sure you want to abandon this character and quit the game? (Confirm with "yes".)

#. ##. ... ..... b
...#.#### >..
#......#####.....
#.....@.$.....
###.########## .....#
#....####### .....#
####.......## .....#
#######..### .....#
######...#
.....######
#........#######
...........
#####.........#.....
...........
........>............


You could see a bat (asleep).

Vanquished Creatures
  A phantom (D:3)
  3 adders
  4 gnolls
  A worm (D:3)
  An orc (D:3)
  6 ball pythons
  3 bats
  3 endoplasms
  A giant cockroach (D:3)
  4 goblins
  4 hobgoblins
  12 jackals
  A quokka (D:1)
  3 frilled lizards
  5 kobolds
  8 rats
60 creatures vanquished.

Notes
Turn   | Place    | Note
-------+----------+-------------------------------------------
     0 | D:1      | sanboga the Demonspawn Berserker began the quest for the
                  | Orb.
     0 | D:1      | Reached XP level 1. HP: 18/18 MP: 1/1
   579 | D:1      | Gained mutation: Spells you cast may paralyse adjacent
                  | enemies. [demonic ancestry]
   579 | D:1      | Reached XP level 2. HP: 24/24 MP: 2/2
  1380 | D:2      | Gained mutation: You have large cloven feet. [demonic
                  | ancestry]
  1380 | D:2      | Reached XP level 3. HP: 29/29 MP: 3/3
  1629 | D:2      | Reached ** piety under Trog
  2219 | D:3      | Gained mutation: Spells you cast may paralyse nearby
                  | enemies. [demonic ancestry]
  2219 | D:3      | Reached XP level 4. HP: 25/35 MP: 4/4
  2526 | D:3      | Noticed a phantom
  2794 | D:3      | Killed a phantom
  2795 | D:3      | Gained mutation: You are partially covered in large bone
                  | plates. (SH +4) [demonic ancestry]
  2795 | D:3      | Reached XP level 5. HP: 21/42 MP: 5/5
  3261 | D:3      | Quit the game

Illustrated notes

Levels and vault maps discovered:
D:1:      saegor_arrival_simple_c, layout_loops_ring
D:2:      layout_basic
D:3:      layout_rooms, nicolae_ecumenical_snake_handling

Skill      XL: |  1  2  3  4  5 |
---------------+----------------+-----
Dodging        | 2 3 |  3.0
Unarmed Combat | 3 4 |  4.5
Fighting       | 4 |  4.0
Armour         | |  1.7

Action                   |  1- 3 |  4- 6 || total
-------------------------+-------+-------++-------
Melee: Unarmed           |   121 |    94 ||   215
       Punch             |     2 |       ||     2
       Kick              |    12 |       ||    12
Invok: Berserk           |     3 |     2 ||     5
 Stab: Sleeping          |     3 |       ||     3
Armor: Animal skin       |    19 |    19 ||    38
Dodge: Dodged            |    80 |    76 ||   156
Block: Other             |       |     6 ||     6
